 Dungeon Crawl Stone Soup version 0.31-a0-210-gccc998df9b (webtiles) character file.

Game seed: 10566761452253038437

350 qw the Shooter (level 6, -2/35 HPs)
             Began as a Gargoyle Hexslinger on June 30, 2023.
             Slain by an orc warrior
             ... wielding a +0 short sword
              (6 damage)
             ... on level 4 of the Dungeon.
             The game lasted 00:01:54 (3413 turns).

qw the Shooter (Gargoyle Hexslinger)                Turns: 3413, Time: 00:01:54

Health: -2/35      AC: 10    Str: 18    XL:     6   Next: 61%
Magic:  7/7        EV: 11    Int: 13    God:
Gold:   114        SH:  0    Dex: 14    Spells: 6/7 levels left

rFire   . . .        Y - +1 sling
rCold   . . .        (no shield)
rNeg    + . .        d - +0 ring mail
rPois   inf          (no helmet)
rElec   +            (no cloak)
rCorr   .            (no gloves)
SInv    .            (no boots)
Will    .....        (no amulet)
Stlth   +            i - +6 ring of strength
HPRegen 0.25/turn    (no ring)
MPRegen 0.10/turn

%: no passive effects
@: no status effects
A: sickness immunity, AC +4, negative energy resistance 1, electricity
resistance, torment resistance 1, petrification resistance
a: no special abilities


You were on level 4 of the Dungeon.
You visited 1 branch of the dungeon, and saw 4 of its levels.

You collected 114 gold pieces.


Innate Abilities, Weirdness & Mutations

You are immune to sickness and miasma.
Your stone body is resilient. (AC +4)
You are immune to poison.
You resist negative energy. (rN+)
You are resistant to electric shocks. (rElec)
You are resistant to unholy torment.
You are immune to petrification.


   Skills:
 - Level 2.0 Fighting
 + Level 4.8 Ranged Weapons
 - Level 4.6 Armour
 - Level 1.5 Dodging
 - Level 1.0 Spellcasting
 - Level 2.6 Hexes


You had 6 spell levels left.
You knew the following spells:

 Your Spells              Type           Power      Damage    Failure   Level
a - Slow                  Hex            28%        N/A       16%         1

Your spell library contained the following spells:

 Spells                   Type           Power      Damage    Failure   Level
 Inner Flame              Hex/Fire       4%         N/A       63%         3
 Portal Projectile        Hex/Tloc       8%         N/A       63%         3
 Cause Fear               Hex            3%         N/A       83%         4

Inventory:

Hand Weapons
 Y - a +1 sling (weapon)
Armour
 d - a +0 ring mail (worn)
Jewellery
 i - a +6 ring of strength (left hand)
Scrolls
 a - a scroll of fog {unknown}
Potions
 e - a potion of enlightenment {unknown}
 f - a potion of resistance {unknown}

Dungeon Overview and Level Annotations

Branches:
Dungeon (4/15)
 Temple: D:4-7

Altars:
Trog
Yredelemnul

Annotations:
D:3 1 runed translucent door, Crazy Yiuf


Message History

You shoot a sling bullet.
The sling bullet closely misses the orc warrior.
The sling bullet hits the orc!
You kill the orc!
The giant cockroach misses you. The orc warrior closely misses you.
The orc closely misses you. The giant cockroach closely misses you.
You shoot a sling bullet.
The sling bullet closely misses the orc warrior.
The orc hits you but does no damage.
The orc warrior hits you with a +0 short sword.
The giant cockroach bites you but does no damage.
You shoot a sling bullet.
The sling bullet hits the orc warrior but does no damage.
The orc warrior is moderately wounded.
The giant cockroach closely misses you. The orc hits you but does no damage.
The orc warrior hits you with a +0 short sword.
The giant cockroach barely misses you. The orc barely misses you.
The orc warrior hits you with a +0 short sword.
The orc hits you but does no damage.
You shoot a sling bullet.
The sling bullet barely misses the orc warrior.
The giant cockroach closely misses you.
The orc hits you with a +1 dagger of venom.
The orc warrior misses you. The orc hits you with a +0 club.
You shoot a sling bullet.
The sling bullet hits the orc warrior but does no damage.
The orc warrior is moderately wounded.
The giant cockroach bites you but does no damage.
The orc completely misses you.
The giant cockroach bites you but does no damage.
You shoot a sling bullet.
The sling bullet hits the orc warrior but does no damage.
The orc warrior is moderately wounded.
The orc hits you but does no damage. x2; The giant cockroach barely misses you.
You shoot a sling bullet. The sling bullet hits the orc warrior.
The orc warrior is heavily wounded.
The giant cockroach bites you but does no damage.
The orc hits you but does no damage. The orc closely misses you.
The orc warrior hits you with a +0 short sword.
You die...

###.##..#.. #.#
).# #.##..##
#......#
######..###.#
#.......#
#.###.#.###.#.#
#...oo.....<.#
#.##oo@.......#
......B#########
.....)..
####.### ... ...
#.. ...


You could see an orc warrior, 3 orcs and a giant cockroach.

Vanquished Creatures
  Grinder (D:2)
  Terence (D:3)
  6 adders
  A worm (D:3)
  A dart slug (D:3)
  5 orcs
  5 bats
  3 endoplasms (D:1)
  2 giant cockroaches
  8 goblins
  6 hobgoblins
  5 kobolds
  5 quokkas
  9 ball pythons
  5 frilled lizards
  6 rats
69 creatures vanquished.

Notes
Turn   | Place    | Note
-------+----------+-------------------------------------------
     0 | D:1      | qw the Gargoyle Hexslinger began the quest for the Orb.
     0 | D:1      | Reached XP level 1. HP: 12/12 MP: 2/2
     0 | D:1      | 0 ||| qw: Version: 0.3-a-24-ga2abf7b
     0 | D:1      | 0 ||| qw: Game counter: 7101
     0 | D:1      | 0 ||| qw: Melee chars always use a shield: true
     0 | D:1      | 0 ||| qw: God list: Okawaru
     0 | D:1      | 0 ||| qw: Allow faded altars: false
     0 | D:1      | 0 ||| qw: Do Orc after clearing Dungeon:15 true
     0 | D:1      | 0 ||| qw: Do second Lair branch before Depths: true
     0 | D:1      | 0 ||| qw: Lair rune preference: random
     0 | D:1      | 0 ||| qw: Goals: Normal
     0 | D:1      | 0 ||| PLANNING D:1-11
   152 | D:1      | Reached XP level 2. HP: 11/16 MP: 3/3
   223 | D:1      | HP: 3/16 [hobgoblin (4)]
   226 | D:1      | HP: 1/16 [hobgoblin (3)]
   400 | D:1      | Reached skill level 3 in Ranged Weapons
   859 | D:1      | 859 ||| UPGRADING to +6 ring of strength.
   860 | D:1      | 860 ||| READING scroll labelled UCIGGU XISO.
   861 | D:1      | 861 ||| READING 2 scrolls labelled HUCRIPS NONAI.
   865 | D:1      | 865 ||| READING scroll labelled REMOVA FUDIMPY.
   866 | D:1      | 866 ||| DRINKING 2 gluggy clear potions.
   896 | D:1      | 896 ||| DROPPING scroll of poison.
   897 | D:1      | 897 ||| DROPPING potion of lignification.
   930 | D:2      | Reached XP level 3. HP: 21/21 MP: 4/4
  1067 | D:2      | Found a basalt altar of Yredelemnul.
  1156 | D:2      | Reached XP level 4. HP: 25/26 MP: 5/5
  1891 | D:2      | 1891 ||| UPGRADING to +0 ring mail.
  1901 | D:2      | 1901 ||| DROPPING +0 robe.
  1902 | D:2      | 1902 ||| READING 2 scrolls labelled CUSSIT ITOMU.
  1903 | D:2      | 1903 ||| READING 3 scrolls labelled PIESES LAVOSAUX.
  1921 | D:2      | 1921 ||| DRINKING 2 cyan potions.
  1922 | D:2      | 1922 ||| DROPPING scroll of blinking.
  1923 | D:2      | 1923 ||| DROPPING 2 scrolls of torment.
  2159 | D:3      | Found a runed translucent door.
  2160 | D:3      | Noticed Crazy Yiuf
  2189 | D:3      | Noticed Grinder
  2190 | D:3      | Paralysed by Grinder for 2 turns
  2195 | D:3      | Paralysed by Grinder for 2 turns
  2198 | D:3      | 2198 ||| FLEEEEING.
  2199 | D:3      | 2199 ||| FLEEEEING.
  2200 | D:3      | 2200 ||| FLEEEEING.
  2201 | D:3      | 2201 ||| FLEEEEING.
  2221 | D:3      | 2221 ||| FLEEEEING.
  2222 | D:3      | 2222 ||| STAIRDANCE
  2240 | D:3      | 2240 ||| STAIRDANCE
  2243 | D:2      | Paralysed by Grinder for 4 turns
  2252 | D:2      | HP: 6/26 [Grinder (2)]
  2253 | D:2      | 2253 ||| READING scroll of teleportation.
  2253 | D:2      | Paralysed by Grinder for 2 turns
  2255 | D:2      | 2255 ||| DRINKING potion of heal wounds.
  2257 | D:2      | Killed Grinder
  2258 | D:2      | Reached XP level 5. HP: 24/30 MP: 6/6
  2258 | D:2      | Reached XP level 6. HP: 28/35 MP: 7/7
  2444 | D:3      | Found a bloodstained altar of Trog.
  2581 | D:3      | Noticed Terence
  2595 | D:3      | Killed Terence
  3339 | D:3      | 3339 ||| Stepping randomly (stuck).
  3390 | D:4      | Noticed an orc warrior
  3409 | D:4      | HP: 8/35 [orc warrior/+0 short sword (5)]
  3410 | D:4      | HP: 3/35 [orc/+0 club (4)]
  3413 | D:4      | Slain by an orc warrior

Levels and vault maps discovered:
D:1:      evilmike_arrival_hilbert_curve, layout_basic, minmay_crystal_room,
          amethyst_killhole
D:2:      kennysheep_six_static_rooms, layout_basic, minmay_hexomino_r4
D:3:      layout_basic, mainiacjoe_overflow_paths, minmay_goblin_outpost,
          uniq_terence, uniq_crazy_yiuf_cottage, uniq_grinder
D:4:      layout_loops_ring, lemuel_tele_altar, nicolae_elyvilon_temple_path,
          mainiacjoe_overflow_alcove_4, minmay_checkerbox, uniq_menkaure

Skill      XL: |  1  2  3  4 |
---------------+-------------+-----
Ranged Weapons | 3 4 |  4.8
Fighting       | 2 |  2.0
Armour         | 4 |  4.6
Dodging        | |  1.5
Spellcasting   | |  1.0
Hexes          | |  2.6

Action                     |  1- 3 |  4- 6 || total
---------------------------+-------+-------++-------
   Fire: Sling             |   117 |   158 ||   275
    Use: Scroll            |     3 |     3 ||     6
         Potion            |     1 |     2 ||     3
 Armour: Robe              |    22 |    10 ||    32
         Ring mail         |       |    33 ||    33
  Dodge: Dodged            |    64 |    58 ||   122

Table legend:
 A = Non-vault XP
 B = Vault XP
 C = Vault XP percentage of total XP
 D = Non-vault monster count
 E = Vault monster count
 F = Vault count percentage of total count
                 A         B        C        D         E       F
            +---------+---------+-------+---------+---------+-------
      Total |     141 |     360 |  71.9 |      53 |      16 |  23.2
            +---------+---------+-------+---------+---------+-------
        D:1 |      33 |       0 |   0.0 |      19 |       0 |   0.0
        D:2 |      59 |     314 |  84.2 |      17 |      10 |  37.0
        D:3 |      37 |      46 |  55.4 |      13 |       6 |  31.6
        D:4 |      12 |       0 |   0.0 |       4 |       0 |   0.0
            +---------+---------+-------+---------+---------+-------
